AoeStats
← {WaZzU'P} Recluta4!

MegaRandom

507150137Analyzed
2v2 RM · 16d ago on Sep 16, 2026· 63m 19s· 4 players
Game mode
Random Map
Map size
Medium (4 player)
Population
200
Speed
Normal
Resources
Standard
Victory
Conquest
Starting age
Dark Age
Ending age
Imperial Age
RankedLock teamsTeams togetherTeam positionsShared explorationLock speedFull tech treeHidden civsTurbo modeCheats
Victory
Defeat
🇺🇸 Ethiopians · United States
1170
+18
🇨🇭 Cumans · Switzerland
1051
+22
🇬🇧 Franks · United Kingdom
1234
-21
🇲🇽 Aztecs · Mexico
1177
-19
EMI
10:06 Loom
12:05 Feudal Age
13:36 Double-Bit Axe
15:53 Castle Age
16:12 Scale Barding Armor
16:19 Forging
17:39 Husbandry
23:26 Chain Barding Armor
23:36 Gold Mining
23:37 Stone Mining
25:45 Iron Casting
28:58 Fletching
30:28 Wheelbarrow
29:39 Town Watch
30:31 Scale Mail Armor
34:16 Imperial Age
32:25 Masonry
32:36 Ballistics
34:24 Cavalier
36:18 Plate Barding Armor
36:38 Hoardings
36:57 Gold Shaft Mining
37:41 Blast Furnace
37:17 Conscription
37:37 Architecture
37:52 Murder Holes
38:13 Light Cavalry
King Dario II
1:13 Loom
8:46 Feudal Age
8:52 Man-at-Arms
10:06 Arson
18:39 Castle Age
17:14 Stone Mining
18:06 Forging
19:07 Double-Bit Axe
26:31 Horse Collar
27:41 Scale Mail Armor
28:44 Iron Casting
28:49 Chain Mail Armor
28:52 Heavy Plow
30:24 Wheelbarrow
29:30 Pikeman
32:33 Hand Cart
33:44 Bow Saw
33:49 Gambesons
34:07 Squires
38:18 Imperial Age
37:03 Gold Mining
37:51 Stone Shaft Mining
38:13 Town Watch
38:24 Elite Jaguar Warrior
38:33 Capped Ram
39:21 Fletching
39:32 Padded Archer Armor
40:20 Ballistics
41:03 Chemistry
41:27 Blast Furnace
40:58 Plate Mail Armor
40:34 Atlatl
42:51 Bodkin Arrow
43:12 Leather Archer Armor
43:36 Siege Engineers
43:26 Murder Holes
43:45 Town Patrol
43:20 Eagle Warrior
44:26 Garland Wars
44:31 Conscription
44:24 Bracer
44:58 Crop Rotation
45:06 Gold Shaft Mining
44:04 Elite Skirmisher
48:06 Elite Eagle Warrior
55:27 Crossbowman
58:05 Arbalester
{WaZzU'P} GranPolo
1:07 Loom
1:14 Loom
10:41 Feudal Age
25:18 Castle Age
24:28 Wheelbarrow
23:52 Horse Collar
24:11 Double-Bit Axe
25:25 Bloodlines
25:45 Forging
27:17 Iron Casting
27:13 Scale Barding Armor
31:57 Town Watch
32:39 Chain Barding Armor
33:29 Town Patrol
38:53 Hand Cart
38:38 Fletching
42:37 Imperial Age
42:37 Bodkin Arrow
45:22 Padded Archer Armor
47:23 Leather Archer Armor
48:43 Heavy Plow
49:24 Ballistics
50:44 Crop Rotation
51:55 Blast Furnace
52:40 Chemistry
52:11 Bow Saw
52:45 Elite Steppe Lancer
56:07 Plate Barding Armor
57:14 Gold Mining
63:37 Ring Archer Armor
{WaZzU'P} Recluta4!
1:03 Loom
11:54 Feudal Age
12:28 Horse Collar
12:34 Double-Bit Axe
14:59 Wheelbarrow
17:15 Castle Age
15:37 Town Watch
16:31 Fletching
16:49 Gold Mining
18:21 Padded Archer Armor
18:07 Crossbowman
19:51 Bodkin Arrow
22:05 Leather Archer Armor
22:58 Ballistics
31:29 Thumb Ring
32:29 Hand Cart
36:16 Imperial Age
35:40 Caravan
36:53 Squires
36:19 Arbalester
36:28 Capped Ram
37:48 Bracer
39:03 Chemistry
39:12 Ring Archer Armor
40:10 Conscription
42:57 Siege Ram
43:09 Siege Ram
45:02 Siege Engineers
45:07 Masonry
45:58 Scale Mail Armor
47:49 Chain Mail Armor
50:47 Plate Mail Armor
51:07 Forging
51:26 Murder Holes
53:14 Elite Shotel Warrior
55:58 Iron Casting
61:26 Blast Furnace
63:34 Fortified Wall
Connection lost

Rejoining the realm…

Still unreachable

The connection could not be restored.

Session expired

The server has moved on; the page needs a fresh start.